 Dungeon Sprint DCSS version 0.28.0-53-g5a82cb258f (webtiles) character file.

Game seed: 1253232114998731916

46 Zeld the Chopper (level 3, -1/37 HPs)
             Began as a Minotaur Berserker on June 4, 2022.
             Was a Believer of Trog.
             Slain by a water elemental (17 damage)
             ... in the Dungeon (Sprint III: "The Ten Rune Challenge").
             The game lasted 00:00:25 (303 turns).

Zeld the Chopper (Minotaur Berserker)                Turns: 303, Time: 00:00:26

Health: -1/37      AC:  5    Str: 23    XL:     3   Next: 46%
Magic:  2/2        EV: 12    Int:  4    God:    Trog [**....]
Gold:   24         SH:  0    Dex: 11    Spells: 2/2 levels left

rFire   . . .      SeeInvis .   a - +0 hand axe
rCold   + . .      Faith    .   (no shield)
rNeg    . . .      Spirit   .   b - +0 animal skin
rPois   .          Reflect  .   (helmet restricted)
rElec   .          Harm     .   j - +0 cloak
rCorr   .          Rampage  .   (no gloves)
Will    .....      NoTele   +   (no boots)
Stlth   +.........              (no amulet)
HPRegen 0.12/turn               (no ring)
MPRegen 0.08/turn               (no ring)

@: engulfed (cannot breathe)
A: horns 2, retaliatory headbutt, iridescent scales 1, agile 1, cold resistance
1
a: Renounce Religion, Berserk, Trog's Hand


You were in the Dungeon.
You worshipped Trog.
Trog was pleased with you.
You visited 1 branch You collected 24 gold pieces.

Inventory:

Hand Weapons
 a - a +0 hand axe (weapon)
Armour
 b - a +0 animal skin (worn)
 j - a +0 cloak (worn)
Scrolls
 h - a scroll of blinking
 k - 2 scrolls of immolation {unknown}
 l - 2 scrolls of identify {unknown}
Potions
 c - a potion of curing
 d - a potion of heal wounds
 e - a potion of haste
 f - 2 potions of magic
 g - a potion of berserk rage
 i - 5 potions of mutation
 m - a potion of flight {unknown}
 n - a potion of cancellation {unknown}


   Skills:
 * Level 6.0 Fighting
 * Level 6.0 Axes
 + Level 4.1 Armour
 + Level 3.6 Dodging


You had 2 spell levels left.
You didn't know any spells.
Your spell library was empty.

Dungeon Overview and Level Annotations

Branches:
Dungeon (1/1)

Altars:


Innate Abilities, Weirdness & Mutations

You have a pair of horns on your head.
You reflexively headbutt those who attack you in melee.
You are partially covered in iridescent scales. (AC +2)
You are agile. (Dex +2)
Your flesh is cold resistant. (rC+)


Message History

Found 24 gold pieces and 2 potions of mutation.
There is an open door here.
You now have 12 gold pieces.
i - 2 potions of mutation (gained 1);
k - a scroll labelled EMOUSK JYRIU
l - a scroll labelled WAL VYOPOFRAWN;
i - 3 potions of mutation (gained 1)
m - a sedimented brown potion
i - 4 potions of mutation (gained 1)
k - 2 scrolls labelled EMOUSK JYRIU (gained 1)
l - 2 scrolls labelled WAL VYOPOFRAWN (gained 1)
i - 6 potions of mutation (gained 2);
n - a clear potion You now have 24 gold pieces (gained 12).
You start resting.
There is an open door here.
You start resting.
You start resting.
Really quaff the potion of mutation?
You feel extremely strange.
You feel agile.
Iridescent scales grow over part of your body.
You feel resistant to cold.
You start resting.
You start resting.
Unknown command.
You open the door.
A water elemental comes into view.
The water elemental hits you!
The water elemental engulfs you in water!
There is an open door to the Ecumenical Temple here.
You cannot call out to Trog while unable to breathe.
You slash the water elemental!
The water elemental is moderately damaged.
Your lungs strain for air!
The water elemental barely misses you. You furiously retaliate!
You headbutt the water elemental! You hit the water elemental.
You headbutt the water elemental, but do no damage.
The water elemental is almost destroyed.
Your lungs strain for air!
The water elemental hits you!
You die...

▓▓▓▓▓▓▓ ▓▓▓ ..#...####
##.# ..#..†...#####..#
.##.......#..#..#
#.##.##...#..#..###+#+##
#.##.###..##'#..#.......
.####.##..###...@.⌠.....
###..##.†####...#E..####
.....##..###....#.⌠.#
##..##...##.....#...#
#..##....#..)...#+###
..###..##.#.....# ).#
#..#####....# ▓▓▓ ▓▓▓▓
▓▓▓▓▓▓


You could see a water elemental.

Vanquished Creatures
  Crazy Yiuf (D)
  A human (D)
  4 rats (D)
6 creatures vanquished.

Notes
Turn   | Place    | Note
-------+----------+-------------------------------------------
     0 | D        | Zeld the Minotaur Berserker began the quest for the Orb.
     0 | D        | Reached XP level 1. HP: 19/19 MP: 0/0
    30 | D        | Reached ** piety under Trog
   104 | D        | Noticed Crazy Yiuf
   108 | D        | Killed Crazy Yiuf
   109 | D        | Reached skill level 5 in Fighting
   109 | D        | Reached skill level 5 in Axes
   109 | D        | Reached XP level 2. HP: 19/29 MP: 1/1
   109 | D        | Reached XP level 3. HP: 24/36 MP: 2/2
   251 | D        | Gained mutation: You are agile. (Dex +2) [potion of
                  | mutation]
   251 | D        | Gained mutation: You are partially covered in iridescent
                  | scales. (AC +2) [potion of mutation]
   251 | D        | Gained mutation: Your flesh is cold resistant. (rC+)
                  | [potion of mutation]
   300 | D        | Noticed a water elemental
   303 | D        | Slain by a water elemental

Illustrated notes

Levels and vault maps discovered:
D:        dungeon_sprint_mu [sprint_mu_entry_cave, sprint_mu_temple_rooms,
          sprint_mu_d1_spiders, sprint_mu_d2_genie, sprint_mu_d3_branching,
          sprint_mu_orc_legion, sprint_mu_elf_gauntlet, sprint_mu_hive_nellie,
          sprint_mu_lair_fedhas, sprint_mu_vaults_butterflies,
          sprint_mu_slime_circle, sprint_mu_swamp_cave, sprint_mu_snake_twists,
          sprint_mu_blade_basic, sprint_mu_crypt_chambers,
          sprint_mu_tomb_spiral, sprint_mu_vestibule_basic,
          sprint_mu_gehenna_hellfire, sprint_mu_dis_giant,
          sprint_mu_tartarus_statrot, sprint_mu_cocytus_islands, sprint_mu_zot1]

Skill      XL: |  1  2  3 |
---------------+----------+-----
Fighting       | 5 6 |  6.0
Axes           | 5 6 |  6.0
Armour         | 3 4 |  4.1
Dodging        | 3 |  3.6

Action                   || total
-------------------------++-------
Melee: Hand axe          ||    11
       Headbutt          ||     1
Invok: Berserk           ||     1
  Use: Potion            ||     1
Armor: Animal skin       ||     2
Dodge: Dodged            ||     4
